Avalanche vs Nordiques

Created - 4 décembre 2019 at 18:23

Goals
1 2 3 T
Avalanche 0 0 3 3
Nordiques 0 2 0 2
Shots
1 2 3 T
Avalanche 11 4 16 31
Nordiques 15 12 9 36

1st period

No Goal

Penalties :
Shayne Gostisbehere (QUE) for Goalie Interference (Minor) at 15:47

2nd period

1. Nordiques , Chris Kunitz 2 (Mathieu Perreault 6, Chris Bourque 7) at 3:05
2. Nordiques , Morgan Rielly 3 (Alexander Wennberg 8, Shayne Gostisbehere 7) at 6:05

Penalties :
Mark Stone (COL) for Holding (Minor) at 9:08

3rd period

3. Avalanche , Johnny Gaudreau 9 (Sean Couturier 12) at 2:06
4. Avalanche , Anthony Duclair 7 (Pavel Buchnevich 6, Cedric Paquette 10) at 3:43 (PP)
5. Avalanche , Pavel Buchnevich 7 (Cedric Paquette 11, Zack Kassian 6) at 14:09

Penalties :
Chris Bourque (QUE) for Hooking (Minor) at 3:39, Marcus Pettersson (QUE) for Cross-checking (Minor) at 7:46, Robert Bortuzzo (COL) for Elbowing (Minor) at 11:05

Goalie Stats

Pekka Rinne (COL), 34 saves from 36 shots - (0,944), W, 12-8-0, 60:00 minutes
Roberto Luongo (QUE), 28 saves from 31 shots - (0,903), L, 7-13-4, 59:15 minutes

Players Stats for Avalanche

Player Name              G  A  P  +/- PIM S  H  SB GA TA FO     MP     PP MP  PK MP  
------------------------------------------------------------------------------------
Anthony Duclair          1  0  1   0  0   4  0  1  0  0  0/0    18:15   1:51   0:23 
Braydon Coburn           0  0  0   0  0   0  2  0  0  0  0/0    10:43   0:00   0:00 
Calvin de Haan           0  0  0   0  0   0  2  1  0  0  0/0    10:43   0:00   0:00 
Cedric Paquette          0  2  2   1  0   0  1  1  0  0  9/13   17:07   1:51   0:03 
Eric Fehr                0  0  0  -2  0   0  1  0  0  0  0/1    15:34   0:00   1:19 
Jaccob Slavin            0  0  0   0  0   1  1  1  0  1  0/0    18:38   1:28   1:30 
Jay Bouwmeester          0  0  0   0  0   1  1  0  0  3  0/0    18:38   1:28   1:30 
Johnny Gaudreau          1  0  1   1  0   11 1  0  4  0  1/1    25:54   2:11   2:04 
Jujhar Khaira            0  0  0   0  0   1  1  2  0  0  0/1     5:07   0:00   0:00 
Mark Giordano            0  0  0   0  0   3  0  2  0  0  0/0    25:18   2:34   2:28 
Mark Jankowski           0  0  0  -2  0   0  0  0  0  1  2/6    13:04   0:00   0:00 
Mark Stone               0  0  0   1  2   2  2  0  1  1  1/2    22:07   2:11   0:32 
Mattias Ekholm           0  0  0   0  0   1  3  1  1  3  0/0    25:18   2:34   2:28 
Pavel Buchnevich         1  1  2   1  0   3  1  0  1  1  1/2    18:39   1:51   1:25 
Robert Bortuzzo          0  0  0   0  2   0  0  1  0  0  0/0     6:01   0:00   0:00 
Sean Couturier           0  1  1   1  0   3  0  0  1  0  19/33  26:03   2:11   2:10 
Vladislav Gavrikov       0  0  0   0  0   0  0  2  0  0  0/0     5:21   0:00   0:00 
Zack Kassian             0  1  1  -1  0   1  1  2  0  0  1/1    13:30   0:00   0:00 

Players Stats for Nordiques

Player Name              G  A  P  +/- PIM S  H  SB GA TA FO     MP     PP MP  PK MP  
------------------------------------------------------------------------------------
Alexander Wennberg       0  1  1   1  0   3  0  0  2  0  4/11   12:32   0:00   0:52 
Chris Bourque            0  1  1   1  2   0  1  0  0  1  0/0     8:06   0:00   0:00 
Chris Kunitz             1  0  1   1  0   2  0  0  0  0  1/1     8:07   0:00   0:00 
Connor Brown             0  0  0   1  0   1  1  0  1  1  0/0    11:40   0:00   0:00 
Evander Kane             0  0  0  -1  0   12 0  0  1  1  0/1    22:49   2:34   1:52 
Jamie Benn               0  0  0  -1  0   2  2  0  1  0  3/7    16:25   1:24   1:11 
Kirby Dach               0  0  0  -1  0   2  1  1  1  0  0/0    15:26   1:24   0:13 
Lawrence Pilut           0  0  0  -1  0   0  0  0  0  1  0/0    15:24   0:00   1:44 
Luke Glendening          0  0  0  -1  0   0  1  0  0  1  0/0    15:13   1:24   0:00 
Marcus Pettersson        0  0  0   1  2   1  2  2  1  1  0/0    19:31   1:22   1:06 
Mathieu Perreault        0  1  1   1  0   1  0  0  0  0  0/2     8:07   0:00   0:00 
Morgan Rielly            1  0  1   0  0   3  0  0  0  1  0/0    25:41   2:36   2:10 
Nick Holden              0  0  0   1  0   0  2  1  0  1  0/0    20:11   1:22   1:47 
Patrick Marleau          0  0  0  -1  0   0  4  0  0  0  1/1    22:08   2:34   1:11 
Paul Carey               0  0  0   1  0   1  0  0  1  0  0/0    12:23   0:00   0:43 
Philippe Myers           0  0  0  -1  0   1  0  1  0  0  0/0    14:02   0:00   0:00 
Sebastian Aho            0  0  0  -1  0   3  0  2  2  0  17/37  22:59   2:34   2:02 
Shayne Gostisbehere      0  1  1   0  2   4  1  4  0  0  0/0    25:11   2:36   1:17 

3 Stars

1 - Pavel Buchnevich (COL)
2 - Pekka Rinne (COL)
3 - Cedric Paquette (COL)

Power Play

Avalanche - 1 on 3 Attempt(s) - 33,33%
Nordiques - 0 on 2 Attempt(s) - 0,00%

Penalty Kill

Avalanche - 2 on 2 Attempt(s) - 100,00% - Score 0 goal in Penalty Kill
Nordiques - 2 on 3 Attempt(s) - 66,67% - Score 0 goal in Penalty Kill

Team Stat

Avalanche - Hits : 17 - Faceoff Wins : 34 - Blocked Shots : 14 - Penalty Minutes : 4
Nordiques - Hits : 15 - Faceoff Wins : 26 - Blocked Shots : 11 - Penalty Minutes : 6

Official

Referees : Trevor Hanson and Dean Morton
Linesman : Darren Gibbs and Derek Nansen

Game Notes

No Game Note

Finance

Level 1 -- Attendance: 6000 (100,00%) -- Ticket Income 480 000 $
Level 2 -- Attendance: 5000 (100,00%) -- Ticket Income 250 000 $
Level 3 -- Attendance: 1885 (94,25%) -- Ticket Income 47 125 $
Level 4 -- Attendance: 4000 (100,00%) -- Ticket Income 40 000 $
Luxury Box -- Attendance: 899 (89,90%) -- Ticket Income 143 840 $
Game was played at the Colisee.
Total Attendance: 17784 (98,80%)
Total Ticket Income: 960 965 $
Other Income: 470 873 $
Total Income: 1 431 838 $

Avalanche

5 vs 5 Forward 
   Center                   Left Wing                Right Wing               Time % Phy DF OF 
 1 Sean Couturier           Johnny Gaudreau          Mark Stone               40     1   2  2  
 2 Cedric Paquette          Pavel Buchnevich         Anthony Duclair          30     1   2  2  
 3 Mark Jankowski           Eric Fehr                Zack Kassian             20     1   2  2  
 4 Jujhar Khaira            Sean Couturier           Johnny Gaudreau          10     1   2  2  

5 vs 5 Defense 
   Defense                  Defense                                           Time % Phy DF OF 
 1 Mark Giordano            Mattias Ekholm                                    40     1   2  2  
 2 Jaccob Slavin            Jay Bouwmeester                                   30     1   2  2  
 3 Calvin de Haan           Braydon Coburn                                    20     1   2  2  
 4 Robert Bortuzzo          Vladislav Gavrikov                                10     1   2  2  

PowerPlay Forward 
   Center                   Left Wing                Right Wing               Time % Phy DF OF 
 1 Sean Couturier           Johnny Gaudreau          Mark Stone               60     1   2  2  
 2 Cedric Paquette          Pavel Buchnevich         Anthony Duclair          40     1   2  2  

PowerPlay Defense
   Defense                  Defense                                           Time % Phy DF OF 
 1 Mark Giordano            Mattias Ekholm                                    60     1   2  2  
 2 Jaccob Slavin            Jay Bouwmeester                                   40     1   2  2  

Penalty Kill 4 Players Forward 
   Center                   Wing                     Time % Phy DF OF 
 1 Sean Couturier           Johnny Gaudreau          60     1   2  2  
 2 Mark Stone               Pavel Buchnevich         40     1   2  2  

Penalty Kill 4 Players Defense
   Defense                  Defense                  Time % Phy DF OF 
 1 Mark Giordano            Mattias Ekholm           60     1   2  2  
 2 Jaccob Slavin            Jay Bouwmeester          40     1   2  2  

Penalty Kill - 3 Players Forward 
   Forward                                           Time % Phy DF OF 
 1 Sean Couturier                                    60     1   2  2  
 2 Johnny Gaudreau                                   40     1   2  2  

Penalty Kill - 3 Players Defense
   Defense                  Defense                  Time % Phy DF OF 
 1 Mark Giordano            Mattias Ekholm           60     1   2  2  
 2 Jaccob Slavin            Jay Bouwmeester          40     1   2  2  

4 vs 4 Forward 
   Center                   Wing                     Time % Phy DF OF 
 1 Sean Couturier           Johnny Gaudreau          60     1   2  2  
 2 Mark Stone               Pavel Buchnevich         40     1   2  2  

4 vs 4 Defense
   Defense                  Defense                  Time % Phy DF OF 
 1 Mark Giordano            Mattias Ekholm           60     1   2  2  
 2 Jaccob Slavin            Jay Bouwmeester          40     1   2  2  

Last Minutes Offensive
   Center                   Left Wing                Right Wing               Defense                  Defense                  
   Sean Couturier           Johnny Gaudreau          Mark Stone               Mark Giordano            Mattias Ekholm           

Last Minutes Defensive
   Center                   Left Wing                Right Wing               Defense                  Defense                  
   Sean Couturier           Johnny Gaudreau          Mark Stone               Mark Giordano            Mattias Ekholm           

Goaltenders
Starting : Pekka Rinne              
Backup : Brian Elliott            

Extra Forwards
Normal : Zack Kassian, Mark Jankowski, Eric Fehr - PP : Zack Kassian, Mark Jankowski - PK : Eric Fehr
Extra Defensemen
Normal : Calvin de Haan, Braydon Coburn, Robert Bortuzzo - PP : Calvin de Haan - PK : Braydon Coburn, Robert Bortuzzo
Penalty Shots
Sean Couturier, Johnny Gaudreau, Mark Stone, Pavel Buchnevich, Cedric Paquette
Custom OT Lines Forwards
Sean Couturier, Johnny Gaudreau, Mark Stone, Pavel Buchnevich, Cedric Paquette, Anthony Duclair, Zack Kassian, Mark Jankowski, Eric Fehr, Jujhar Khaira
Custom OT Lines Defensemen
Mark Giordano, Mattias Ekholm, Jaccob Slavin, Jay Bouwmeester, Calvin de Haan

Scratches
Aleksander Barkov (Healthy), Nikita Kucherov (Healthy), Marc Methot (Healthy)

Nordiques

5 vs 5 Forward 
   Center                   Left Wing                Right Wing               Time % Phy DF OF 
 1 Sebastian Aho            Evander Kane             Patrick Marleau          40     1   2  2  
 2 Jamie Benn               Luke Glendening          Kirby Dach               30     1   2  2  
 3 Alexander Wennberg       Paul Carey               Connor Brown             20     1   2  2  
 4 Mathieu Perreault        Chris Kunitz             Chris Bourque            10     1   2  2  

5 vs 5 Defense 
   Defense                  Defense                                           Time % Phy DF OF 
 1 Morgan Rielly            Shayne Gostisbehere                               40     1   2  2  
 2 Nick Holden              Marcus Pettersson                                 30     1   2  2  
 3 Philippe Myers           Lawrence Pilut                                    20     1   2  2  
 4 Morgan Rielly            Shayne Gostisbehere                               10     1   2  2  

PowerPlay Forward 
   Center                   Left Wing                Right Wing               Time % Phy DF OF 
 1 Sebastian Aho            Evander Kane             Patrick Marleau          60     1   2  2  
 2 Jamie Benn               Luke Glendening          Kirby Dach               40     1   2  2  

PowerPlay Defense
   Defense                  Defense                                           Time % Phy DF OF 
 1 Morgan Rielly            Shayne Gostisbehere                               60     1   2  2  
 2 Nick Holden              Marcus Pettersson                                 40     1   2  2  

Penalty Kill 4 Players Forward 
   Center                   Wing                     Time % Phy DF OF 
 1 Sebastian Aho            Evander Kane             60     1   2  2  
 2 Jamie Benn               Patrick Marleau          40     1   2  2  

Penalty Kill 4 Players Defense
   Defense                  Defense                  Time % Phy DF OF 
 1 Morgan Rielly            Shayne Gostisbehere      60     1   2  2  
 2 Nick Holden              Marcus Pettersson        40     1   2  2  

Penalty Kill - 3 Players Forward 
   Forward                                           Time % Phy DF OF 
 1 Sebastian Aho                                     60     1   2  2  
 2 Evander Kane                                      40     1   2  2  

Penalty Kill - 3 Players Defense
   Defense                  Defense                  Time % Phy DF OF 
 1 Morgan Rielly            Shayne Gostisbehere      60     1   2  2  
 2 Nick Holden              Marcus Pettersson        40     1   2  2  

4 vs 4 Forward 
   Center                   Wing                     Time % Phy DF OF 
 1 Sebastian Aho            Evander Kane             60     1   2  2  
 2 Jamie Benn               Patrick Marleau          40     1   2  2  

4 vs 4 Defense
   Defense                  Defense                  Time % Phy DF OF 
 1 Morgan Rielly            Shayne Gostisbehere      60     1   2  2  
 2 Nick Holden              Marcus Pettersson        40     1   2  2  

Last Minutes Offensive
   Center                   Left Wing                Right Wing               Defense                  Defense                  
   Sebastian Aho            Evander Kane             Patrick Marleau          Morgan Rielly            Shayne Gostisbehere      

Last Minutes Defensive
   Center                   Left Wing                Right Wing               Defense                  Defense                  
   Sebastian Aho            Evander Kane             Patrick Marleau          Morgan Rielly            Shayne Gostisbehere      

Goaltenders
Starting : Roberto Luongo           
Backup : Peter Budaj              

Extra Forwards
Normal : Alexander Wennberg, Connor Brown, Paul Carey - PP : Alexander Wennberg, Connor Brown - PK : Paul Carey
Extra Defensemen
Normal : Philippe Myers, Lawrence Pilut, Nick Holden - PP : Philippe Myers - PK : Lawrence Pilut, Nick Holden
Penalty Shots
Sebastian Aho, Evander Kane, Jamie Benn, Patrick Marleau, Kirby Dach
Custom OT Lines Forwards
Sebastian Aho, Evander Kane, Jamie Benn, Patrick Marleau, Kirby Dach, Luke Glendening, Alexander Wennberg, Connor Brown, Paul Carey, Mathieu Perreault
Custom OT Lines Defensemen
Morgan Rielly, Shayne Gostisbehere, Nick Holden, Marcus Pettersson, Philippe Myers

Scratches
Ben Lovejoy (Exhaustion), Travis Sanheim (Torn Left MCL Injury), Brad Thiessen (Healthy)

% Time on Ice - Avalanche

Lines # - Real PCT - Wanted PCT - Time Play
Normal Forward
1 - 36% - 40% - 18:10
2 - 29% - 30% - 14:35
3 - 25% - 20% - 12:53
4 - 10% - 10% - 5:07
Normal Defense
1 - 38% - 40% - 19:22
2 - 31% - 30% - 15:40
3 - 21% - 20% - 10:43
4 - 10% - 10% - 5:00
PP Forward
1 - 54% - 60% - 2:11
2 - 46% - 40% - 1:51
PP Defense
1 - 64% - 60% - 2:34
2 - 36% - 40% - 1:28
PK Forward
1 - 64% - 60% - 2:33
2 - 36% - 40% - 1:25
PK Defense
1 - 62% - 60% - 2:28
2 - 38% - 40% - 1:30
PK3 Forward
1 - 0% - 60%
2 - 0% - 40%
PK3 Defense
1 - 0% - 60%
2 - 0% - 40%
44 Forward
1 - 0% - 60%
2 - 0% - 40%
44 Defense
1 - 0% - 60%
2 - 0% - 40%
Last Minute Offensive  - 0:00
Last Minute Defensive  - 1:15
Total
Forward - 60:00
Defense - 60:00

% Time on Ice - Nordiques

Lines # - Real PCT - Wanted PCT - Time Play
Normal Forward
1 - 34% - 40% - 17:08
2 - 27% - 30% - 13:50
3 - 23% - 20% - 11:40
4 - 16% - 10% - 8:07
Normal Defense
1 - 36% - 40% - 18:04
2 - 34% - 30% - 17:02
3 - 24% - 20% - 12:24
4 - 6% - 10% - 3:15
PP Forward
1 - 65% - 60% - 2:34
2 - 35% - 40% - 1:24
PP Defense
1 - 66% - 60% - 2:36
2 - 34% - 40% - 1:22
PK Forward
1 - 71% - 60% - 2:51
2 - 29% - 40% - 1:11
PK Defense
1 - 64% - 60% - 2:35
2 - 36% - 40% - 1:27
PK3 Forward
1 - 0% - 60%
2 - 0% - 40%
PK3 Defense
1 - 0% - 60%
2 - 0% - 40%
44 Forward
1 - 0% - 60%
2 - 0% - 40%
44 Defense
1 - 0% - 60%
2 - 0% - 40%
Last Minute Offensive  - 1:15
Last Minute Defensive  - 0:00
Total
Forward - 60:00
Defense - 60:00

Play-by-Play

1st period


0:01 of 1st period - Sebastian Aho wins face-off versus Sean Couturier in neutral zone.
0:35 of 1st period - Off-side.
0:36 of 1st period - Alexander Wennberg wins face-off versus Mark Jankowski in neutral zone.
1:01 of 1st period - Marcus Pettersson is hit by Jujhar Khaira and loses puck.
1:06 of 1st period - Wrist shot by Johnny Gaudreau.
1:06 of 1st period - Stopped by Roberto Luongo with a rebound.
1:08 of 1st period - Slapshot by Sean Couturier.
1:08 of 1st period - Deflect By Johnny Gaudreau.
1:08 of 1st period - Stopped by Roberto Luongo with a rebound.
1:10 of 1st period - Snap shot by Jujhar Khaira.
1:10 of 1st period - Stopped by Roberto Luongo with a rebound.
1:19 of 1st period - Off-side.
1:20 of 1st period - Cedric Paquette wins face-off versus Sebastian Aho in neutral zone.
1:27 of 1st period - Wrist shot by Anthony Duclair.
1:27 of 1st period - Stopped by Roberto Luongo with a rebound.
1:35 of 1st period - Snap shot by Anthony Duclair.
1:35 of 1st period - Shot Misses the Net.
3:09 of 1st period - Morgan Rielly is hit by Eric Fehr and loses puck.
3:20 of 1st period - Snap shot by Kirby Dach.
3:20 of 1st period - Shot Blocked by Calvin de Haan.
3:42 of 1st period - Wrist shot by Jamie Benn.
3:42 of 1st period - Shot Hit the Post.
4:04 of 1st period - Snap shot by Johnny Gaudreau.
4:04 of 1st period - Deflect By Sean Couturier.
4:04 of 1st period - Shot Blocked by Marcus Pettersson.
4:04 of 1st period - Puck is out of play.
4:05 of 1st period - Sebastian Aho wins face-off versus Sean Couturier in Nordiques zone.
4:05 of 1st period - Sebastian Aho is hit by Mark Stone.
4:42 of 1st period - Snap shot by Jamie Benn.
4:42 of 1st period - Stopped by Pekka Rinne without a rebound.
4:43 of 1st period - Sebastian Aho wins face-off versus Sean Couturier in Avalanche zone.
4:44 of 1st period - Slapshot by Evander Kane.
4:44 of 1st period - Stopped by Pekka Rinne without a rebound.
4:45 of 1st period - Sebastian Aho wins face-off versus Sean Couturier in Avalanche zone.
4:51 of 1st period - Icing by Mattias Ekholm.
4:52 of 1st period - Sean Couturier wins face-off versus Evander Kane in Avalanche zone.
4:59 of 1st period - Snap shot by Johnny Gaudreau.
4:59 of 1st period - Stopped by Roberto Luongo with a rebound.
5:01 of 1st period - Slapshot by Mark Giordano.
5:01 of 1st period - Stopped by Roberto Luongo with a rebound.
5:03 of 1st period - Slapshot by Mark Giordano.
5:03 of 1st period - Stopped by Roberto Luongo with a rebound.
5:05 of 1st period - Slapshot by Mattias Ekholm.
5:05 of 1st period - Shot Blocked by Sebastian Aho.
5:25 of 1st period - Wrist shot by Evander Kane.
5:25 of 1st period - Shot Misses the Net.
5:30 of 1st period - Icing by Johnny Gaudreau.
5:31 of 1st period - Sean Couturier wins face-off versus Jamie Benn in Avalanche zone.
5:31 of 1st period - Sean Couturier is hit by Luke Glendening.
5:39 of 1st period - Snap shot by Sean Couturier.
5:39 of 1st period - Stopped by Roberto Luongo with a rebound.
5:41 of 1st period - Snap shot by Sean Couturier.
5:41 of 1st period - Deflect By Johnny Gaudreau.
5:41 of 1st period - Stopped by Roberto Luongo without a rebound.
5:42 of 1st period - Pavel Buchnevich wins face-off versus Alexander Wennberg in Nordiques zone.
5:45 of 1st period - Wrist shot by Anthony Duclair.
5:45 of 1st period - Shot Misses the Net.
6:36 of 1st period - Slapshot by Sean Couturier.
6:36 of 1st period - Shot Blocked by Shayne Gostisbehere.
6:38 of 1st period - Backhand shot by Vladislav Gavrikov.
6:38 of 1st period - Shot Blocked by Sebastian Aho.
7:28 of 1st period - Calvin de Haan is hit by Marcus Pettersson and loses puck.
8:45 of 1st period - Snap shot by Alexander Wennberg.
8:45 of 1st period - Shot Blocked by Jujhar Khaira.
9:01 of 1st period - Snap shot by Evander Kane.
9:01 of 1st period - Stopped by Pekka Rinne without a rebound.
9:02 of 1st period - Cedric Paquette wins face-off versus Sebastian Aho in Avalanche zone.
10:38 of 1st period - Wrist shot by Pavel Buchnevich.
10:38 of 1st period - Shot Blocked by Shayne Gostisbehere.
10:48 of 1st period - Snap shot by Paul Carey.
10:48 of 1st period - Shot Blocked by Robert Bortuzzo.
10:50 of 1st period - Backhand shot by Evander Kane.
10:50 of 1st period - Stopped by Pekka Rinne with a rebound.
10:52 of 1st period - Wrist shot by Sebastian Aho.
10:52 of 1st period - Shot Misses the Net.
10:54 of 1st period - Wrist shot by Sebastian Aho.
10:54 of 1st period - Stopped by Pekka Rinne without a rebound.
10:55 of 1st period - Sebastian Aho wins face-off versus Mark Jankowski in Avalanche zone.
11:00 of 1st period - Snap shot by Evander Kane.
11:00 of 1st period - Stopped by Pekka Rinne without a rebound.
11:01 of 1st period - Sean Couturier wins face-off versus Sebastian Aho in Avalanche zone.
11:08 of 1st period - Nick Holden is hit by Mattias Ekholm and loses puck.
11:27 of 1st period - Anthony Duclair is hit by Marcus Pettersson.
12:58 of 1st period - Slapshot by Jamie Benn.
12:58 of 1st period - Stopped by Pekka Rinne without a rebound.
12:59 of 1st period - Cedric Paquette wins face-off versus Sebastian Aho in Avalanche zone.
13:35 of 1st period - Wrist shot by Kirby Dach.
13:35 of 1st period - Shot Misses the Net.
13:37 of 1st period - Snap shot by Luke Glendening.
13:37 of 1st period - Shot Misses the Net.
13:39 of 1st period - Snap shot by Morgan Rielly.
13:39 of 1st period - Shot Misses the Net.
13:45 of 1st period - Lawrence Pilut is hit by Braydon Coburn.
14:37 of 1st period - Snap shot by Sebastian Aho.
14:37 of 1st period - Shot Misses the Net.
14:39 of 1st period - Slapshot by Lawrence Pilut.
14:39 of 1st period - Shot Blocked by Vladislav Gavrikov.
14:43 of 1st period - Snap shot by Evander Kane.
14:43 of 1st period - Shot Misses the Net.
14:45 of 1st period - Snap shot by Sebastian Aho.
14:45 of 1st period - Shot Blocked by Jujhar Khaira.
14:47 of 1st period - Slapshot by Philippe Myers.
14:47 of 1st period - Stopped by Pekka Rinne without a rebound.
14:48 of 1st period - Cedric Paquette wins face-off versus Jamie Benn in Avalanche zone.
15:20 of 1st period - Eric Fehr is hit by Patrick Marleau and loses puck.
15:47 of 1st period - Minor Penalty to Shayne Gostisbehere for Goalie Interference.
15:48 of 1st period - Sean Couturier wins face-off versus Sebastian Aho in Nordiques zone.
15:51 of 1st period - Snap shot by Mark Stone.
15:51 of 1st period - Shot Misses the Net.
17:31 of 1st period - Lawrence Pilut is hit by Cedric Paquette and loses puck.
17:47 of 1st period - Penalty to Shayne Gostisbehere is over, Shayne Gostisbehere is back on ice.
18:10 of 1st period - Slapshot by Johnny Gaudreau.
18:10 of 1st period - Stopped by Roberto Luongo without a rebound.
18:11 of 1st period - Alexander Wennberg wins face-off versus Mark Jankowski in Nordiques zone.
18:18 of 1st period - Snap shot by Alexander Wennberg.
18:18 of 1st period - Stopped by Pekka Rinne with a rebound.
18:20 of 1st period - Snap shot by Alexander Wennberg.
18:20 of 1st period - Stopped by Pekka Rinne with a rebound.
18:22 of 1st period - Backhand shot by Shayne Gostisbehere.
18:22 of 1st period - Stopped by Pekka Rinne with a rebound.
18:24 of 1st period - Slapshot by Morgan Rielly.
18:24 of 1st period - Shot Blocked by Zack Kassian.
18:26 of 1st period - Slapshot by Marcus Pettersson.
18:26 of 1st period - Stopped by Pekka Rinne without a rebound.
18:27 of 1st period - Cedric Paquette wins face-off versus Sebastian Aho in Avalanche zone.
18:57 of 1st period - Slapshot by Mark Giordano.
18:57 of 1st period - Stopped by Roberto Luongo with a rebound.
19:26 of 1st period - Slapshot by Alexander Wennberg.
19:26 of 1st period - Deflect By Paul Carey.
19:26 of 1st period - Stopped by Pekka Rinne without a rebound.
19:27 of 1st period - Sebastian Aho wins face-off versus Pavel Buchnevich in Avalanche zone.
19:28 of 1st period - Slapshot by Evander Kane.
19:28 of 1st period - Shot Misses the Net.
19:31 of 1st period - Icing by Jaccob Slavin.
19:32 of 1st period - Cedric Paquette wins face-off versus Sebastian Aho in Avalanche zone.
19:39 of 1st period - Snap shot by Evander Kane.
19:39 of 1st period - Stopped by Pekka Rinne without a rebound.
19:40 of 1st period - Sebastian Aho wins face-off versus Sean Couturier in Avalanche zone.
19:41 of 1st period - Wrist shot by Patrick Marleau.
19:41 of 1st period - Shot Misses the Net.
19:43 of 1st period - Wrist shot by Evander Kane.
19:43 of 1st period - Stopped by Pekka Rinne without a rebound.
19:44 of 1st period - Sean Couturier wins face-off versus Sebastian Aho in Avalanche zone.
Goals for this period are 0 for Avalanche vs 0 for Nordiques.
Shots for this period are 11 for Avalanche vs 15 for Nordiques.

2nd period


0:01 of 2nd period - Jamie Benn wins face-off versus Mark Stone in neutral zone.
0:51 of 2nd period - Mark Jankowski is hit by Nick Holden and loses puck.
1:22 of 2nd period - Jay Bouwmeester is hit by Kirby Dach and loses puck.
1:40 of 2nd period - Icing by Luke Glendening.
1:41 of 2nd period - Zack Kassian wins face-off versus Jamie Benn in Nordiques zone.
1:48 of 2nd period - Slapshot by Johnny Gaudreau.
1:48 of 2nd period - Shot Blocked by Philippe Myers.
2:12 of 2nd period - Slapshot by Kirby Dach.
2:12 of 2nd period - Stopped by Pekka Rinne without a rebound.
2:13 of 2nd period - Patrick Marleau wins face-off versus Cedric Paquette in Avalanche zone.
2:28 of 2nd period - Snap shot by Anthony Duclair.
2:28 of 2nd period - Stopped by Roberto Luongo with a rebound.
2:46 of 2nd period - Snap shot by Morgan Rielly.
2:46 of 2nd period - Shot Blocked by Jaccob Slavin.
3:03 of 2nd period - Snap shot by Mathieu Perreault.
3:03 of 2nd period - Stopped by Pekka Rinne with a rebound.
3:05 of 2nd period - Snap shot by Chris Kunitz.
3:05 of 2nd period - Goal by Chris Kunitz - Avalanche : 0 - Nordiques : 1.
3:06 of 2nd period - Sean Couturier wins face-off versus Sebastian Aho in neutral zone.
3:43 of 2nd period - Slapshot by Morgan Rielly.
3:43 of 2nd period - Stopped by Pekka Rinne without a rebound.
3:44 of 2nd period - Alexander Wennberg wins face-off versus Sean Couturier in Avalanche zone.
3:47 of 2nd period - Wrist shot by Alexander Wennberg.
3:47 of 2nd period - Stopped by Pekka Rinne without a rebound.
3:48 of 2nd period - Sean Couturier wins face-off versus Alexander Wennberg in Avalanche zone.
5:02 of 2nd period - Slapshot by Morgan Rielly.
5:02 of 2nd period - Shot Blocked by Mark Giordano.
5:04 of 2nd period - Wrist shot by Morgan Rielly.
5:04 of 2nd period - Shot Blocked by Zack Kassian.
5:06 of 2nd period - Slapshot by Shayne Gostisbehere.
5:06 of 2nd period - Stopped by Pekka Rinne without a rebound.
5:07 of 2nd period - Sean Couturier wins face-off versus Mathieu Perreault in Avalanche zone.
5:12 of 2nd period - Wrist shot by Mark Stone.
5:12 of 2nd period - Stopped by Roberto Luongo without a rebound.
5:13 of 2nd period - Sean Couturier wins face-off versus Sebastian Aho in Nordiques zone.
5:14 of 2nd period - Wrist shot by Johnny Gaudreau.
5:14 of 2nd period - Stopped by Roberto Luongo with a rebound.
5:22 of 2nd period - Snap shot by Sebastian Aho.
5:22 of 2nd period - Shot Misses the Net.
5:24 of 2nd period - Wrist shot by Sebastian Aho.
5:24 of 2nd period - Stopped by Pekka Rinne with a rebound.
5:26 of 2nd period - Snap shot by Patrick Marleau.
5:26 of 2nd period - Shot Misses the Net.
5:28 of 2nd period - Snap shot by Evander Kane.
5:28 of 2nd period - Shot Misses the Net.
5:30 of 2nd period - Snap shot by Shayne Gostisbehere.
5:30 of 2nd period - Deflect By Sean Couturier.
5:30 of 2nd period - Stopped by Pekka Rinne with a rebound.
5:40 of 2nd period - Slapshot by Morgan Rielly.
5:40 of 2nd period - Deflect By Kirby Dach.
5:40 of 2nd period - Stopped by Pekka Rinne with a rebound.
6:05 of 2nd period - Slapshot by Morgan Rielly.
6:05 of 2nd period - Deflect By Mark Giordano.
6:05 of 2nd period - Goal by Morgan Rielly - Avalanche : 0 - Nordiques : 2.
6:06 of 2nd period - Sean Couturier wins face-off versus Sebastian Aho in neutral zone.
6:45 of 2nd period - Snap shot by Mark Stone.
6:45 of 2nd period - Shot Blocked by Nick Holden.
7:13 of 2nd period - Snap shot by Johnny Gaudreau.
7:13 of 2nd period - Shot Misses the Net.
7:15 of 2nd period - Slapshot by Johnny Gaudreau.
7:15 of 2nd period - Stopped by Roberto Luongo without a rebound.
7:16 of 2nd period - Sebastian Aho wins face-off versus Cedric Paquette in Nordiques zone.
8:22 of 2nd period - Snap shot by Evander Kane.
8:22 of 2nd period - Stopped by Pekka Rinne without a rebound.
8:23 of 2nd period - Mark Jankowski wins face-off versus Sebastian Aho in Avalanche zone.
8:59 of 2nd period - Icing by Lawrence Pilut.
9:00 of 2nd period - Sean Couturier wins face-off versus Alexander Wennberg in Nordiques zone.
9:08 of 2nd period - Minor Penalty to Mark Stone for Holding.
9:09 of 2nd period - Sebastian Aho wins face-off versus Sean Couturier in Avalanche zone.
9:25 of 2nd period - Backhand shot by Sebastian Aho.
9:25 of 2nd period - Shot Hit the Post.
10:34 of 2nd period - Snap shot by Sebastian Aho.
10:34 of 2nd period - Stopped by Pekka Rinne without a rebound.
10:35 of 2nd period - Jamie Benn wins face-off versus Eric Fehr in Avalanche zone.
11:08 of 2nd period - Penalty to Mark Stone is over, Mark Stone is back on ice.
11:24 of 2nd period - Mark Stone is hit by Connor Brown and loses puck.
12:11 of 2nd period - Jamie Benn is hit by Braydon Coburn and loses puck.
14:50 of 2nd period - Icing by Morgan Rielly.
14:51 of 2nd period - Chris Kunitz wins face-off versus Mark Jankowski in Nordiques zone.
14:56 of 2nd period - Eric Fehr is hit by Patrick Marleau and loses puck.
15:07 of 2nd period - Zack Kassian is hit by Nick Holden and loses puck.
17:08 of 2nd period - Connor Brown is hit by Mark Stone and loses puck.
18:06 of 2nd period - Chris Kunitz is hit by Calvin de Haan.
18:18 of 2nd period - Mathieu Perreault is hit by Calvin de Haan and loses puck.
19:36 of 2nd period - Jujhar Khaira is hit by Jamie Benn and loses puck.
19:51 of 2nd period - Luke Glendening is hit by Jay Bouwmeester and loses puck.
Goals for this period are 0 for Avalanche vs 2 for Nordiques.
Shots for this period are 4 for Avalanche vs 12 for Nordiques.

3rd period


0:01 of 3rd period - Sean Couturier wins face-off versus Sebastian Aho in neutral zone.
0:09 of 3rd period - Snap shot by Evander Kane.
0:09 of 3rd period - Stopped by Pekka Rinne with a rebound.
0:11 of 3rd period - Snap shot by Patrick Marleau.
0:11 of 3rd period - Shot Blocked by Mark Giordano.
0:13 of 3rd period - Slapshot by Evander Kane.
0:13 of 3rd period - Stopped by Pekka Rinne without a rebound.
0:14 of 3rd period - Sebastian Aho wins face-off versus Sean Couturier in Avalanche zone.
0:51 of 3rd period - Wrist shot by Morgan Rielly.
0:51 of 3rd period - Stopped by Pekka Rinne without a rebound.
0:52 of 3rd period - Sebastian Aho wins face-off versus Cedric Paquette in Avalanche zone.
1:41 of 3rd period - Slapshot by Shayne Gostisbehere.
1:41 of 3rd period - Deflect By Chris Kunitz.
1:41 of 3rd period - Stopped by Pekka Rinne without a rebound.
1:42 of 3rd period - Mark Jankowski wins face-off versus Mathieu Perreault in Avalanche zone.
1:42 of 3rd period - Mark Jankowski is hit by Chris Bourque.
1:56 of 3rd period - Slapshot by Shayne Gostisbehere.
1:56 of 3rd period - Stopped by Pekka Rinne without a rebound.
1:57 of 3rd period - Sean Couturier wins face-off versus Sebastian Aho in Avalanche zone.
2:06 of 3rd period - Wrist shot by Johnny Gaudreau.
2:06 of 3rd period - Goal by Johnny Gaudreau - Avalanche : 1 - Nordiques : 2.
2:07 of 3rd period - Sebastian Aho wins face-off versus Sean Couturier in neutral zone.
2:35 of 3rd period - Snap shot by Connor Brown.
2:35 of 3rd period - Stopped by Pekka Rinne with a rebound.
3:39 of 3rd period - Minor Penalty to Chris Bourque for Hooking.
3:40 of 3rd period - Cedric Paquette wins face-off versus Sebastian Aho in Nordiques zone.
3:43 of 3rd period - Snap shot by Anthony Duclair.
3:43 of 3rd period - Goal by Anthony Duclair - Avalanche : 2 - Nordiques : 2.
3:44 of 3rd period - Sebastian Aho wins face-off versus Sean Couturier in neutral zone.
3:49 of 3rd period - Sean Couturier is hit by Patrick Marleau.
4:13 of 3rd period - Snap shot by Pavel Buchnevich.
4:13 of 3rd period - Shot Blocked by Kirby Dach.
4:15 of 3rd period - Slapshot by Mattias Ekholm.
4:15 of 3rd period - Stopped by Roberto Luongo without a rebound.
4:16 of 3rd period - Jamie Benn wins face-off versus Cedric Paquette in Nordiques zone.
4:29 of 3rd period - Slapshot by Jaccob Slavin.
4:29 of 3rd period - Stopped by Roberto Luongo without a rebound.
4:30 of 3rd period - Sebastian Aho wins face-off versus Sean Couturier in Nordiques zone.
4:45 of 3rd period - Snap shot by Johnny Gaudreau.
4:45 of 3rd period - Deflect By Mark Stone.
4:45 of 3rd period - Shot Misses the Net.
4:45 of 3rd period - Puck is out of play.
4:46 of 3rd period - Cedric Paquette wins face-off versus Jamie Benn in Nordiques zone.
4:47 of 3rd period - Snap shot by Pavel Buchnevich.
4:47 of 3rd period - Shot Blocked by Shayne Gostisbehere.
6:03 of 3rd period - Wrist shot by Mathieu Perreault.
6:03 of 3rd period - Shot Blocked by Cedric Paquette.
6:34 of 3rd period - Off-side.
6:35 of 3rd period - Alexander Wennberg wins face-off versus Sean Couturier in neutral zone.
6:48 of 3rd period - Wrist shot by Mark Stone.
6:48 of 3rd period - Shot Misses the Net.
7:02 of 3rd period - Philippe Myers is hit by Pavel Buchnevich and loses puck.
7:26 of 3rd period - Wrist shot by Zack Kassian.
7:26 of 3rd period - Stopped by Roberto Luongo with a rebound.
7:46 of 3rd period - Minor Penalty to Marcus Pettersson for Cross-checking.
7:47 of 3rd period - Sebastian Aho wins face-off versus Sean Couturier in Nordiques zone.
8:23 of 3rd period - Slapshot by Mark Giordano.
8:23 of 3rd period - Shot Blocked by Shayne Gostisbehere.
8:45 of 3rd period - Jay Bouwmeester is hit by Jamie Benn and loses puck.
9:46 of 3rd period - Penalty to Marcus Pettersson is over, Marcus Pettersson is back on ice.
11:05 of 3rd period - Minor Penalty to Robert Bortuzzo for Elbowing.
11:06 of 3rd period - Sean Couturier wins face-off versus Sebastian Aho in Avalanche zone.
11:19 of 3rd period - Icing by Sebastian Aho.
11:20 of 3rd period - Sebastian Aho wins face-off versus Sean Couturier in Nordiques zone.
11:25 of 3rd period - Slapshot by Morgan Rielly.
11:25 of 3rd period - Shot Misses the Net.
11:27 of 3rd period - Slapshot by Morgan Rielly.
11:27 of 3rd period - Shot Misses the Net.
11:29 of 3rd period - Snap shot by Evander Kane.
11:29 of 3rd period - Stopped by Pekka Rinne with a rebound.
11:31 of 3rd period - Slapshot by Sebastian Aho.
11:31 of 3rd period - Shot Blocked by Mattias Ekholm.
11:33 of 3rd period - Backhand shot by Evander Kane.
11:33 of 3rd period - Stopped by Pekka Rinne with a rebound.
12:18 of 3rd period - Backhand shot by Evander Kane.
12:18 of 3rd period - Shot Blocked by Anthony Duclair.
12:51 of 3rd period - Shayne Gostisbehere is hit by Mattias Ekholm.
13:05 of 3rd period - Penalty to Robert Bortuzzo is over, Robert Bortuzzo is back on ice.
13:19 of 3rd period - Wrist shot by Eric Fehr.
13:19 of 3rd period - Deflect By Anthony Duclair.
13:19 of 3rd period - Stopped by Roberto Luongo with a rebound.
14:05 of 3rd period - Snap shot by Zack Kassian.
14:05 of 3rd period - Shot Hit the Post.
14:07 of 3rd period - Wrist shot by Cedric Paquette.
14:07 of 3rd period - Shot Misses the Net.
14:09 of 3rd period - Snap shot by Pavel Buchnevich.
14:09 of 3rd period - Goal by Pavel Buchnevich - Avalanche : 3 - Nordiques : 2.
14:10 of 3rd period - Sean Couturier wins face-off versus Sebastian Aho in neutral zone.
14:37 of 3rd period - Morgan Rielly is hit by Mattias Ekholm and loses puck.
15:06 of 3rd period - Wrist shot by Mark Jankowski.
15:06 of 3rd period - Shot Misses the Net.
15:14 of 3rd period - Slapshot by Morgan Rielly.
15:14 of 3rd period - Deflect By Evander Kane.
15:14 of 3rd period - Stopped by Pekka Rinne with a rebound.
15:16 of 3rd period - Snap shot by Evander Kane.
15:16 of 3rd period - Deflect By Patrick Marleau.
15:16 of 3rd period - Shot Blocked by Vladislav Gavrikov.
15:16 of 3rd period - Puck is out of play.
15:17 of 3rd period - Sean Couturier wins face-off versus Alexander Wennberg in Avalanche zone.
15:22 of 3rd period - Wrist shot by Sean Couturier.
15:22 of 3rd period - Shot Blocked by Marcus Pettersson.
15:24 of 3rd period - Snap shot by Johnny Gaudreau.
15:24 of 3rd period - Stopped by Roberto Luongo with a rebound.
15:26 of 3rd period - Snap shot by Sean Couturier.
15:26 of 3rd period - Stopped by Roberto Luongo with a rebound.
15:28 of 3rd period - Slapshot by Johnny Gaudreau.
15:28 of 3rd period - Deflect By Mark Stone.
15:28 of 3rd period - Stopped by Roberto Luongo without a rebound.
15:29 of 3rd period - Sean Couturier wins face-off versus Alexander Wennberg in Nordiques zone.
15:30 of 3rd period - Slapshot by Johnny Gaudreau.
15:30 of 3rd period - Stopped by Roberto Luongo without a rebound.
15:31 of 3rd period - Mark Stone wins face-off versus Alexander Wennberg in Nordiques zone.
15:42 of 3rd period - Wrist shot by Johnny Gaudreau.
15:42 of 3rd period - Shot Misses the Net.
16:07 of 3rd period - Off-side.
16:08 of 3rd period - Sean Couturier wins face-off versus Sebastian Aho in neutral zone.
16:11 of 3rd period - Slapshot by Jay Bouwmeester.
16:11 of 3rd period - Stopped by Roberto Luongo without a rebound.
16:12 of 3rd period - Johnny Gaudreau wins face-off versus Sebastian Aho in Nordiques zone.
16:13 of 3rd period - Snap shot by Sean Couturier.
16:13 of 3rd period - Stopped by Roberto Luongo without a rebound.
16:14 of 3rd period - Sean Couturier wins face-off versus Sebastian Aho in Nordiques zone.
16:17 of 3rd period - Slapshot by Johnny Gaudreau.
16:17 of 3rd period - Stopped by Roberto Luongo with a rebound.
16:19 of 3rd period - Snap shot by Jaccob Slavin.
16:19 of 3rd period - Shot Misses the Net.
16:21 of 3rd period - Snap shot by Mark Stone.
16:21 of 3rd period - Shot Misses the Net.
16:23 of 3rd period - Wrist shot by Sean Couturier.
16:23 of 3rd period - Shot Misses the Net.
16:41 of 3rd period - Snap shot by Pavel Buchnevich.
16:41 of 3rd period - Stopped by Roberto Luongo without a rebound.
16:42 of 3rd period - Cedric Paquette wins face-off versus Alexander Wennberg in Nordiques zone.
16:51 of 3rd period - Snap shot by Pavel Buchnevich.
16:51 of 3rd period - Stopped by Roberto Luongo without a rebound.
16:52 of 3rd period - Sebastian Aho wins face-off versus Jujhar Khaira in Nordiques zone.
17:01 of 3rd period - Mark Giordano is hit by Patrick Marleau and loses puck.
17:48 of 3rd period - Luke Glendening is hit by Zack Kassian and loses puck.
17:59 of 3rd period - Jamie Benn is hit by Jaccob Slavin and loses puck.
18:27 of 3rd period - Sean Couturier is hit by Shayne Gostisbehere and loses puck.
19:04 of 3rd period - Lawrence Pilut is hit by Johnny Gaudreau and loses puck.
19:15 of 3rd period - Nordiques, Roberto Luongo is pulled from the net.
Goals for this period are 3 for Avalanche vs 0 for Nordiques.
Shots for this period are 16 for Avalanche vs 9 for Nordiques.